[Event "Team 45 45 League T39"]
[Site "Internet Chess Club"]
[Date "2008.11.02"]
[Round "2"]
[White "civilization"]
[Black "OGO"]
[Result "1-0"]
[WhiteElo "1585"]
[BlackElo "1617"]
[Opening "Hungarian defense"]
[ECO "C50"]
[Time "14:08:26"]
[TimeControl "2700+45"]

1. e4 e5 2. Nf3 Nc6 3. Bc4 Be7 4. d4 d6 5. dxe5 Nxe5 6. Nxe5 dxe5 7. Qxd8+ Bxd8
8. Nc3 Nf6 9. Bg5 O-O 10. O-O c6 11. a4 Bg4 12. h3 Bh5 13. Bh4 Nxe4 14. Bxd8
Nxc3 15. Bc7 Nd5 16. Bxd5 cxd5 17. Bxe5 f6 18. Bd4 Rfe8 19. Rfe1 b6 20. Kf1 Bg6
21. c3 Bd3+ 22. Kg1 Bc4 23. b4 Kf7 24. Rxe8 Rxe8 25. a5 bxa5 26. Rxa5 a6 27. Rc5
Re7 28. Kh2 Ke6 29. g4 Kd6 30. Rxc4 dxc4 31. Bc5+ Kd7 32. Bxe7 Kxe7 33. Kg3 Kd6
34. Kf4 Kd5 35. Ke3 g5 36. f4 h6 37. Kf3 Ke6 38. Ke4 Kd6 39. f5 Kc6 40. Kd4 a5
41. bxa5 Kb5 42. a6 Kxa6 43. Kxc4 Kb6 44. Kd5 {Black resigns} 1-0

[Event "Team 45 45 League T39"]
[Site "Internet Chess Club"]
[Date "2008.10.31"]
[Round "2"]
[White "RD1974"]
[Black "mechanicalrook"]
[Result "0-1"]
[WhiteElo "1569"]
[BlackElo "1599"]
[Opening "Bishop's opening: Berlin defense"]
[ECO "C24"]
[Time "17:03:59"]
[TimeControl "2700+45"]

1. e4 e5 2. Bc4 Nf6 3. d3 Nc6 4. Nc3 Bb4 5. Ne2 d5 6. exd5 Nxd5 7. Bd2 Nxc3 8.
bxc3 Bd6 9. O-O O-O 10. Ng3 Kh8 11. Ne4 f5 12. Ng5 h6 13. Qh5 Qf6 14. Nf7+ Kh7
15. Bxh6 gxh6 16. Ng5+ Qxg5 17. Qe2 Qg6 18. a4 Be6 19. Bb3 Bxb3 20. cxb3 Rg8 21.
g3 f4 22. Rfe1 fxg3 23. fxg3 Ne7 24. Ra2 Nd5 25. Qd2 Nf4 26. d4 Rad8 27. dxe5
Bc5+ {White resigns} 0-1

[Event "Team 45 45 League T39"]
[Site "Internet Chess Club"]
[Date "2008.11.02"]
[Round "2"]
[White "chessmanlo"]
[Black "Skyler"]
[Result "0-1"]
[WhiteElo "1262"]
[BlackElo "1394"]
[Opening "Caro-Kann defense"]
[ECO "B10"]
[Time "21:04:27"]
[TimeControl "2700+45"]

1. e4 c6 2. Nf3 d5 3. exd5 cxd5 4. d4 Bf5 5. c4 Nf6 6. Bg5 e6 7. Nc3 Qb6 8. b3
Bb4 9. Qd2 Qa5 10. Rc1 Ne4 11. Qe3 Nxc3 12. Ne5 Nxa2+ 13. Kd1 Nxc1 14. Qxc1 f6
15. Bxf6 gxf6 16. Nd3 Bxd3 17. Bxd3 Qa3 18. Qxa3 Bxa3 19. Re1 Kf7 20. cxd5 exd5
21. h4 Nc6 22. Bb5 Rae8 23. Bxc6 Rxe1+ 24. Kxe1 bxc6 25. Kd2 c5 26. Kc3 a5 27.
dxc5 Bxc5 28. f3 f5 29. h5 Rg8 30. g4 fxg4 31. fxg4 Rxg4 32. h6 a4 33. b4 Bxb4+
34. Kd3 Rc4 35. Ke2 a3 36. Kf1 Rc2 37. Kg1 a2 38. Kh1 a1=R# {White checkmated}
0-1

[Event "Team 45 45 League T39"]
[Site "Internet Chess Club"]
[Date "2008.11.05"]
[Round "2"]
[White "polsigns"]
[Black "Juan73"]
[Result "0-1"]
[WhiteElo "1601"]
[BlackElo "1677"]
[Opening "QGD: Marshall defense"]
[ECO "D06"]
[Time "13:30:34"]
[TimeControl "2700+45"]

1. d4 d5 2. c4 Nf6 3. Bf4 Nc6 4. Nf3 Bg4 5. Nc3 e6 6. Qb3 dxc4 7. Qxc4 Bxf3 8.
exf3 Qxd4 9. Bxc7 Qxc4 10. Bxc4 Nd4 11. Bd3 Bb4 12. Be5 O-O-O 13. Bxd4 Rxd4 14.
O-O-O Rhd8 15. Bc2 a6 16. Rxd4 Rxd4 17. Rd1 Bc5 18. Rxd4 Bxd4 19. Nd1 h6 20. Ne3
Kc7 21. Nc4 b5 22. Ne3 Kd6 23. b3 Nd5 24. Nd1 Nf4 25. g3 Nh3 26. Be4 Nxf2 27.
Nxf2 Bxf2 28. Bb7 a5 29. Ba6 Kc5 30. Kb2 e5 31. Kc3 f6 32. Bb7 Bd4+ 33. Kc2 Kb4
34. Bc6 Kc5 35. Be4 b4 36. Bd3 Be3 37. Be4 Kd4 38. Bf5 Bg1 39. h3 Ke3 40. Be4
Kf2 41. g4 Kg3 42. Kd3 Kxh3 43. Kc4 Bb6 44. Kb5 Bd8 45. Kc6 Kh4 46. Kd7 Bb6 47.
Ke7 h5 48. gxh5 Kxh5 49. Kf7 Kg5 50. Kxg7 f5 51. Bd5 Kf4 52. Kh8 e4 53. fxe4
fxe4 54. Bc4 e3 55. Kg7 Kf3 56. Kf6 e2 57. Bxe2+ Kxe2 58. Ke5 Kd3 59. Kd6 Kc3
60. Kc6 Bd8 61. Kb5 Kb2 {White resigns} 0-1

[Event "Team 45 45 League T39"]
[Site "Internet Chess Club"]
[Date "2008.11.01"]
[Round "2"]
[White "slipkid"]
[Black "Kravier"]
[Result "0-1"]
[WhiteElo "1587"]
[BlackElo "1548"]
[Opening "Queen's pawn"]
[ECO "A40"]
[Time "11:09:07"]
[TimeControl "2700+45"]

1. d4 c6 2. Nf3 d5 3. e3 Bg4 4. Nbd2 Nd7 5. e4 e5 6. c3 dxe4 7. Nxe4 f5 8. Ned2
e4 9. h3 Qe7 10. Qe2 exf3 11. Qxe7+ Nxe7 12. hxg4 fxg2 13. Bxg2 fxg4 14. Ne4 Nd5
15. Bg5 h6 16. Bh4 N7f6 17. O-O-O O-O-O 18. c4 Nf4 19. Bxf6 gxf6 20. Bf1 Bg7 21.
c5 Rd7 22. Bc4 Kc7 23. Rhg1 h5 24. f3 f5 25. Ng3 Rxd4 26. Nxf5 Rxc4+ {White
resigns} 0-1

[Event "Team 45 45 League T39"]
[Site "Internet Chess Club"]
[Date "2008.11.02"]
[Round "2"]
[White "PANAMA-REY"]
[Black "toadwarble"]
[Result "1-0"]
[WhiteElo "1522"]
[BlackElo "1108"]
[Opening "Sicilian: closed"]
[ECO "B23"]
[Time "11:01:11"]
[TimeControl "2700+45"]

1. e4 c5 2. Nc3 d6 3. Bb5+ Nc6 4. f4 g6 5. Bxc6+ bxc6 6. Nf3 Bg7 7. d3 d5 8. e5
Rb8 9. O-O d4 10. Ne4 Qa5 11. a4 Bg4 12. Bd2 Qb6 13. b3 e6 14. Qe1 Ne7 15. Ba5
Qb7 16. Nd6+ {Black resigns} 1-0

[Event "Team 45 45 League T39"]
[Site "Internet Chess Club"]
[Date "2008.10.31"]
[Round "2"]
[White "Lionskins"]
[Black "DrewA"]
[Result "1-0"]
[WhiteElo "1658"]
[BlackElo "1698"]
[Opening "Réti opening"]
[ECO "A06"]
[Time "12:00:59"]
[TimeControl "2700+45"]

1. Nf3 d5 2. e3 Nf6 3. c4 c6 4. Nc3 e6 5. a3 Bd6 6. h3 O-O 7. Qc2 Re8 8. Bd3 h6
9. g4 e5 10. cxd5 cxd5 11. Be2 e4 12. Nd4 Nc6 13. Ncb5 Nxd4 14. Nxd4 Be5 15. Qc3
Qb6 16. b4 Bd7 17. Bb2 Ba4 18. b5 a6 19. Qb4 axb5 20. Bc3 Bxd4 21. Bxd4 Qc6 22.
O-O Rec8 23. Rfc1 Qxc1+ 24. Rxc1 Rxc1+ 25. Kg2 Re1 26. Bxb5 Bxb5 27. Qxb5 Rxa3
28. Qxb7 Rd3 29. Qb6 Re2 30. Bc3 h5 31. g5 h4 32. Kf1 Rdxd2 33. Bxd2 Rxd2 34.
gxf6 gxf6 35. Qxf6 Rd1+ 36. Ke2 {Black resigns} 1-0

[Event "Team 45 45 League T39"]
[Site "Internet Chess Club"]
[Date "2008.11.01"]
[Round "2"]
[White "Clandarkfire"]
[Black "manzeer"]
[Result "1-0"]
[WhiteElo "1467"]
[BlackElo "1543"]
[Opening "Ponziani: Jaenisch counter-attack"]
[ECO "C44"]
[Time "22:27:09"]
[TimeControl "2700+45"]

1. e4 e5 2. Nf3 Nc6 3. c3 Nf6 4. d4 d6 5. Bb5 Bd7 6. O-O Be7 7. d5 Nb8 8. Bxd7+
Nbxd7 9. Re1 O-O 10. c4 c5 11. Nc3 Ne8 12. Qd3 Nc7 13. Bd2 g6 14. Bh6 Re8 15. a3
Nf6 16. b4 b6 17. b5 Ng4 18. Bd2 Bh4 19. g3 Bf6 20. h3 Nxf2 21. Kxf2 Bg7 22. a4
Rf8 23. a5 f5 24. Kg2 Qe7 25. axb6 axb6 26. Rxa8 Nxa8 27. Ra1 Qd7 28. Ng5 f4 29.
Ne6 Re8 30. Nxg7 Qxg7 31. gxf4 Qb7 32. fxe5 Rxe5 33. Bf4 Rh5 34. Bxd6 Nc7 35.
Qf3 Qc8 36. Bxc7 Qxc7 {Black resigns} 1-0

[Event "Team 45 45 League T39"]
[Site "Internet Chess Club"]
[Date "2008.11.02"]
[Round "2"]
[White "GadsHill"]
[Black "UglyJames"]
[Result "0-1"]
[WhiteElo "1535"]
[BlackElo "1284"]
[Opening "QGD: exchange, positional line"]
[ECO "D35"]
[Time "22:00:14"]
[TimeControl "2700+45"]

1. d4 d5 2. c4 e6 3. Nc3 Nf6 4. cxd5 exd5 5. Bg5 Be7 6. e3 h6 7. Bh4 Ng4 8. Bxe7
Qxe7 9. Nxd5 Qd7 10. Nc3 Qf5 11. Nf3 O-O 12. Bd3 Qh5 13. O-O b6 14. Be4 c6 15.
Rc1 f5 16. Bb1 f4 17. exf4 Rxf4 18. Ne2 Rxf3 19. h3 Rxh3 20. Ng3 Rh1+ {White
resigns} 0-1

[Event "Team 45 45 League T39"]
[Site "Internet Chess Club"]
[Date "2008.10.31"]
[Round "2"]
[White "Maxfield"]
[Black "cysk"]
[Result "0-1"]
[WhiteElo "1154"]
[BlackElo "1498"]
[Opening "Danish gambit"]
[ECO "C21"]
[Time "18:24:58"]
[TimeControl "2700+45"]

1. e4 e5 2. d4 exd4 3. c3 dxc3 4. Bc4 cxb2 5. Bxb2 d6 6. Nf3 Be6 7. Qb3 Qd7 8.
Nbd2 Bxc4 9. Nxc4 Qc6 10. O-O Nd7 11. e5 Nc5 12. Qe3 d5 13. Nd6+ cxd6 14. exd6+
Ne6 15. Ng5 Qxd6 16. Ba3 Qxa3 17. Nxe6 Qxe3 18. Nxg7+ Bxg7 19. fxe3 Bxa1 20.
Rxa1 Nf6 {White resigns} 0-1

[Event "Team 45 45 League T39"]
[Site "Internet Chess Club"]
[Date "2008.10.31"]
[Round "2"]
[White "bbentrup"]
[Black "Sleete"]
[Result "0-1"]
[WhiteElo "2180"]
[BlackElo "2199"]
[Opening "KGA: bishop's gambit, Maurian defense"]
[ECO "C33"]
[Time "19:08:06"]
[TimeControl "2700+45"]

1. e4 e5 2. f4 exf4 3. Bc4 Nc6 4. d4 Nf6 5. e5 d5 6. Bb5 Bg4 7. Nf3 Ne4 8. Bxf4
Be7 9. O-O O-O 10. c3 Ng5 11. Nbd2 Ne6 12. Be3 Bh5 13. Bd3 a6 14. Qc2 Bg6 15.
Bxg6 hxg6 16. b4 Qd7 17. a4 Na7 18. Nb3 b6 19. Qe2 Nc6 20. Ra2 Rfc8 21. Qd3 Ncd8
22. a5 b5 23. Raf2 Nc6 24. h4 Re8 25. Bg5 Ncd8 26. Qe3 Nc6 27. Bxe7 Rxe7 28. Ng5
Ncd8 29. Nh3 Qc6 30. Rf3 Qc4 31. Nc1 c5 32. bxc5 b4 33. Qe2 b3 34. Qb2 Rb8 35.
Nd3 Rb5 36. Ra1 Rb8 37. Nhf2 Nc6 38. Nf4 Nxe5 39. dxe5 Nxf4 40. Re1 Ne6 41. Rd3
Rc7 42. g3 Rxc5 43. Ra1 Rcb5 44. Kg2 Rc8 45. Ra3 d4 46. cxd4 Qd5+ 47. Kg1 Rc2
48. Qb1 Qc4 49. Qf1 b2 50. Rd1 Qxf1+ {White resigns} 0-1

[Event "Team 45 45 League T39"]
[Site "Internet Chess Club"]
[Date "2008.10.31"]
[Round "2"]
[White "BigBadPawn"]
[Black "Burning-Bush"]
[Result "1-0"]
[WhiteElo "1962"]
[BlackElo "2097"]
[Opening "Pirc: Austrian attack, dragon formation"]
[ECO "B09"]
[Time "10:32:34"]
[TimeControl "2700+45"]

1. e4 d6 2. d4 Nf6 3. Nc3 g6 4. f4 Bg7 5. Nf3 c5 6. e5 dxe5 7. fxe5 Nd5 8. Bb5+
Nc6 9. O-O O-O 10. Nxd5 Qxd5 11. c4 Qd8 12. Bxc6 bxc6 13. Be3 Bg4 14. h3 Bxf3
15. Rxf3 cxd4 16. Bxd4 Qd7 17. Bc3 Qe6 18. Qe2 Rfd8 19. Raf1 f5 20. b3 Rd7 21.
Kh1 a5 22. g4 fxg4 23. hxg4 a4 24. b4 Rf8 25. Rxf8+ Bxf8 26. a3 Bg7 27. Rf4 Bh6
28. Re4 Rd8 29. Kg2 Bc1 30. Qc2 Bg5 31. Qxa4 Rd3 32. Qc2 Qd7 33. e6 Qd6 34. Qf2
Bf4 35. Rxf4 Rxc3 36. Rf8+ Kg7 37. Rg8+ Kxg8 38. Qf7+ {Black resigns} 1-0

[Event "Team 45 45 League T39"]
[Site "Internet Chess Club"]
[Date "2008.10.31"]
[Round "2"]
[White "chess92192"]
[Black "jefferyx"]
[Result "1-0"]
[WhiteElo "1849"]
[BlackElo "1859"]
[Opening "QGD: classical variation (5.Bf4)"]
[ECO "D31"]
[Time "20:00:05"]
[TimeControl "2700+45"]

1. d4 d5 2. c4 e6 3. Nc3 Be7 4. Nf3 Nf6 5. Bf4 O-O 6. e3 c5 7. dxc5 Bxc5 8. cxd5
Nxd5 9. Nxd5 exd5 10. Be2 Nc6 11. O-O Bg4 12. Rc1 Bb6 13. a3 Re8 14. b4 a6 15.
h3 Bh5 16. g4 Bg6 17. Bd3 Be4 18. Ng5 h6 19. Nxe4 dxe4 20. Bc4 Ne5 21. Bxe5 Rxe5
22. Qxd8+ Rxd8 23. Rfd1 Ree8 24. Rd5 g6 25. Kf1 Kg7 26. Ke2 Re7 27. Rxd8 Bxd8
28. Bd5 Bb6 29. Rc8 Ba7 30. Ra8 b5 31. Bxe4 Rxe4 32. Rxa7 Re6 33. Kd3 Rd6+ 34.
Ke4 Kf6 35. f4 Ke6 36. f5+ Kf6 37. h4 gxf5+ 38. gxf5 h5 39. Ra8 Kg7 40. Ke5 Rc6
41. e4 Rb6 42. Ra7 Rc6 43. Kd5 Rf6 44. Rd7 Kf8 45. Rd6 Ke7 46. Rxf6 Kxf6 47. Kd6
Kg7 48. Ke7 f6 49. Ke6 {Black resigns} 1-0

[Event "Team 45 45 League T39"]
[Site "Internet Chess Club"]
[Date "2008.11.02"]
[Round "2"]
[White "BigH"]
[Black "John3v16"]
[Result "1-0"]
[WhiteElo "1762"]
[BlackElo "1723"]
[Opening "English: Caro-Kann defensive system"]
[ECO "A12"]
[Time "05:00:57"]
[TimeControl "2700+45"]

1. Nf3 d5 2. c4 c6 3. b3 dxc4 4. bxc4 Bg4 5. Qb3 Qc7 6. g3 Nd7 7. Bg2 e5 8. d3
Ngf6 9. Nbd2 Bc5 10. O-O O-O 11. Bb2 Rfe8 12. Qc2 h6 13. Bc3 Bf5 14. e4 Bg4 15.
h3 Bh5 16. g4 Bg6 17. Nh4 Bh7 18. Nf5 Nf8 19. Nf3 Ng6 20. Bd2 Rad8 21. g5 hxg5
22. Bxg5 Re6 23. Rad1 Ne7 24. Ng3 Bg6 25. h4 Nh5 26. Kh2 f6 27. Bc1 Red6 28. Ne1
Qd7 29. Bh3 Qc7 30. f4 Nxf4 31. Bxf4 exf4 32. Rxf4 Rd4 33. Be6+ Bf7 34. Bxf7+
Kxf7 35. Rg4 Bd6 36. Qf2 Ng6 37. Kh1 Be5 38. Nf5 R4d7 39. Qg2 Nf4 40. Rxg7+ Ke6
41. Qg4 Rxg7 42. Nxg7+ Kf7 43. Nf5 Ng6 44. h5 Rh8 45. Kg2 Nf4+ 46. Kf1 Nxh5 47.
d4 Bf4 48. c5 Qa5 49. Nd3 Bg5 50. Nd6+ Kg6 51. Qf5+ Kg7 52. Qd7+ Kg6 53. Qf7+
Kh6 54. Nf5# {Black checkmated} 1-0

[Event "Team 45 45 League T39"]
[Site "Internet Chess Club"]
[Date "2008.11.02"]
[Round "2"]
[White "pestka"]
[Black "VNKN"]
[Result "1-0"]
[WhiteElo "2208"]
[BlackElo "2022"]
[Opening "QGD: Tarrasch, Prague variation, 9.Bg5"]
[ECO "D34"]
[Time "15:03:47"]
[TimeControl "2700+45"]

1. d4 d5 2. Nf3 e6 3. c4 c5 4. cxd5 exd5 5. Nc3 Nc6 6. g3 Nf6 7. Bg2 Be7 8. O-O
O-O 9. Bg5 cxd4 10. Nxd4 h6 11. Be3 Re8 12. Rc1 Bg4 13. h3 Be6 14. Nxc6 bxc6 15.
Na4 Qd7 16. Kh2 Rac8 17. Bc5 Bxc5 18. Nxc5 Qe7 19. Qd4 Bf5 20. e3 Qc7 21. Rc3
Ne4 22. Nxe4 Bxe4 23. Rfc1 Bxg2 24. Kxg2 Qb7 25. Rc5 Qa6 26. a3 Re6 27. Qc3 Qe2
28. Rc2 Qh5 29. Qd4 Qf5 30. b4 a6 31. Rd2 Rf6 32. Qg4 Qxg4 33. hxg4 Re8 34. Rdc2
Ree6 35. Ra5 Re4 36. Rxa6 Rc4 37. Rxc4 dxc4 38. Ra8+ Kh7 39. Rd8 c5 40. b5 Rb6
41. a4 Rb7 42. Rc8 Ra7 43. b6 Rxa4 44. b7 Rb4 45. b8=Q Rxb8 46. Rxb8 c3 47. Rc8
c2 48. Rxc5 c1=Q 49. Rxc1 Kg6 50. f4 f5 51. Rc6+ Kf7 52. gxf5 Ke7 53. Kf3 Kd7
54. Rg6 Ke7 55. Rxg7+ Kf6 56. Rg6+ Kxf5 57. Ra6 h5 58. e4# {Black checkmated}
1-0

[Event "Team 45 45 League T39"]
[Site "Internet Chess Club"]
[Date "2008.11.02"]
[Round "2"]
[White "gok"]
[Black "tourettes"]
[Result "1/2-1/2"]
[WhiteElo "1638"]
[BlackElo "1739"]
[Opening "French: exchange variation"]
[ECO "C01"]
[Time "07:01:10"]
[TimeControl "2700+45"]

1. e4 e6 2. d4 d5 3. exd5 exd5 4. Bf4 Nf6 5. Nc3 Bb4 6. Bd3 O-O 7. Ne2 Bg4 8. f3
Bc8 9. O-O c6 10. a3 Bd6 11. Qd2 Qc7 12. Rae1 Nbd7 13. Bxd6 Qxd6 14. Qf4 Qxf4
15. Nxf4 Nb6 16. Re7 g5 17. Nfe2 Re8 18. Rxe8+ Nxe8 19. Ng3 Ng7 20. Re1 Bd7 21.
Kf2 h5 22. Re5 f6 23. Re1 h4 24. Nf1 Bf5 25. Bxf5 Nxf5 26. Ne2 Nc4 27. Rb1 Re8
28. Re1 b5 29. Rb1 Kf7 {Game drawn by mutual agreement} 1/2-1/2

[Event "Team 45 45 League T39"]
[Site "Internet Chess Club"]
[Date "2008.11.02"]
[Round "2"]
[White "Fosca"]
[Black "Despair"]
[Result "1/2-1/2"]
[WhiteElo "1883"]
[BlackElo "1966"]
[Opening "Alekhine's defense: four pawns attack, 6...Nc6"]
[ECO "B03"]
[Time "14:58:28"]
[TimeControl "2700+45"]

1. e4 Nf6 2. e5 Nd5 3. d4 d6 4. f4 dxe5 5. fxe5 Nc6 6. c4 Nb6 7. Nf3 Bg4 8. Be3
e6 9. Be2 Be7 10. Nc3 O-O 11. O-O a6 12. c5 Nd5 13. Nxd5 exd5 14. Qd2 f6 15. Bf4
Bxf3 16. Bxf3 fxe5 17. dxe5 Bxc5+ 18. Kh1 Nd4 19. Bg4 Qh4 20. h3 Qe7 21. Rad1 c6
22. a3 Bb6 23. Bg3 Rxf1+ 24. Rxf1 Rf8 25. Re1 Nb3 26. Qc3 Ba5 27. Qe3 Bxe1 28.
Qxe1 c5 29. Bh4 Qf7 30. e6 Qf1+ 31. Qxf1 Rxf1+ 32. Kh2 Kf8 33. Bf3 Nd4 34. Bxd5
Nf5 35. e7+ Nxe7 36. Bxb7 a5 37. Bg3 Rb1 38. Be5 c4 39. Bc3 a4 40. Be4 Rd1 41.
Bc2 Ra1 42. Bxa4 g6 43. Bb5 Nd5 44. Be5 Ne3 45. Bd4 Nf1+ 46. Kg1 Rd1 47. Bc5+
Kg7 48. Ba4 Rd5 49. Bb4 Nd2 50. Bc3+ Kf7 51. Bc6 Rd3 52. Bb5 Ke7 53. Bxd2 Rxd2
54. Bxc4 Rxb2 55. a4 Rb4 56. Bb5 Kd6 57. Kf2 Kc5 58. Kf3 g5 59. g3 h6 60. Be8
Kd4 61. Kg4 Ke5+ 62. Kh5 Rb6 63. g4 Kf4 64. h4 gxh4 65. Kxh4 Rb8 66. Bb5 Rg8 67.
Bd7 Rg7 68. Be6 Re7 69. Bf5 Re1 70. Kh5 Rh1+ 71. Kg6 Ke5 72. Bd7 Rd1 73. Bb5 Kf4
74. Kxh6 Rd5 75. Be2 Ra5 76. Bd1 Rd5 77. Be2 Re5 78. Bb5 Kxg4 79. Kg6 Kf4 80.
Kf6 Ke4 81. Bc6+ Kd4 82. Bb5 Rc5 83. Ke6 Kc3 84. Kd6 Kb4 85. Be8 Ra5 86. Bd7
Rxa4 {Game drawn by mutual agreement} 1/2-1/2

[Event "Team 45 45 League T39"]
[Site "Internet Chess Club"]
[Date "2008.11.01"]
[Round "2"]
[White "czek"]
[Black "LeChatelier"]
[Result "1-0"]
[WhiteElo "1903"]
[BlackElo "1770"]
[Opening "Caro-Kann: closed (Breyer) variation"]
[ECO "B10"]
[Time "17:22:19"]
[TimeControl "2700+45"]

1. e4 c6 2. d3 d5 3. Nd2 e5 4. Ngf3 Bd6 5. g3 Nf6 6. Bg2 Bg4 7. h3 Bh5 8. O-O
Bg6 9. exd5 cxd5 10. Nxe5 Bxe5 11. Re1 O-O 12. Rxe5 Nc6 13. Re1 Qc7 14. Nb3 Rfe8
15. Bg5 Nb4 16. Bxf6 Nxc2 17. Rxe8+ Rxe8 18. Rc1 gxf6 19. Rxc2 Re1+ 20. Qxe1
Qxc2 21. Bxd5 Qxd3 22. Bxb7 a5 23. Nxa5 Qc2 24. Qa1 Qa4 25. Nc6 Kg7 26. Ne7 Bd3
27. Bf3 Bc4 28. Nf5+ Kg8 29. b3 Qa5 30. Qxf6 Qe1+ 31. Kh2 Qxf2+ 32. Bg2 Kf8 33.
Qh8# {Black checkmated} 1-0

[Event "Team 45 45 League T39"]
[Site "Internet Chess Club"]
[Date "2008.11.01"]
[Round "2"]
[White "attalone"]
[Black "BigH"]
[Result "0-1"]
[WhiteElo "1732"]
[BlackElo "1746"]
[Opening "Benoni: classical with e4 and Nf3"]
[ECO "A70"]
[Time "12:00:31"]
[TimeControl "2700+45"]

1. d4 Nf6 2. c4 c5 3. d5 e6 4. Nc3 exd5 5. cxd5 d6 6. e4 g6 7. Nf3 Bg7 8. Bd3
Bg4 9. O-O O-O 10. h3 Bxf3 11. Qxf3 a6 12. a4 Nbd7 13. Bc2 Re8 14. Bg5 Qb6 15.
Ra2 Ne5 16. Qe2 c4 17. Be3 Qc7 18. f4 Ned7 19. Bf2 Nxe4 20. Nxe4 f5 21. Qf3 fxe4
22. Bxe4 Nc5 23. Bxc5 Qxc5+ 24. Kh1 Qd4 25. Bb1 Re3 26. Qg4 Qxd5 27. f5 Rf8 28.
Rd1 Qe5 29. Qxc4+ d5 30. Qf1 Re8 31. Bd3 Qg3 32. f6 Rf8 33. fxg7 Rxf1+ 34. Bxf1
Kxg7 35. b4 Re1 36. Rad2 Rxd1 37. Rxd1 Qb3 38. Rd4 Qxa4 39. Kg1 a5 40. Rxd5 Qxb4
41. Rb5 Qd4+ 42. Kh1 b6 {White resigns} 0-1

[Event "Team 45 45 League T39"]
[Site "Internet Chess Club"]
[Date "2008.10.31"]
[Round "2"]
[White "quotha"]
[Black "joshtournman"]
[Result "1-0"]
[WhiteElo "1662"]
[BlackElo "1588"]
[Opening "Queen's pawn game, Chigorin variation"]
[ECO "D02"]
[Time "14:58:04"]
[TimeControl "2700+45"]

1. d4 d5 2. Nf3 Nc6 3. c4 e6 4. e3 Nf6 5. a3 b6 6. Be2 Bb7 7. cxd5 Nxd5 8. e4
Nf6 9. Nc3 Be7 10. O-O O-O 11. d5 exd5 12. exd5 Nb8 13. Bc4 c6 14. dxc6 Nxc6 15.
b4 Qxd1 16. Rxd1 Rad8 17. Bb2 a6 18. Nd5 Nxd5 19. Bxd5 Bd6 20. g3 Ba8 21. Rac1
Rc8 22. Kg2 Ne7 23. Rxc8 Rxc8 24. Bxa8 Bxb4 25. axb4 Rxa8 26. Rd7 Nc6 27. b5
axb5 28. Rb7 Rb8 29. Rc7 Na5 30. Ne5 f6 31. Nd7 Rd8 32. Nxb6 Rd2 33. Bc3 Rc2 34.
Rc8+ Kf7 35. Bxa5 {Black resigns} 1-0

[Event "Team 45 45 League T39"]
[Site "Internet Chess Club"]
[Date "2008.11.02"]
[Round "2"]
[White "Fidius"]
[Black "chipionero"]
[Result "1-0"]
[WhiteElo "1978"]
[BlackElo "1699"]
[Opening "Sicilian: Najdorf, Byrne (English) attack"]
[ECO "B90"]
[Time "15:04:25"]
[TimeControl "2700+45"]

1. e4 c5 2. Nf3 d6 3. d4 cxd4 4. Nxd4 Nf6 5. Nc3 a6 6. Be3 e5 7. Nb3 Be6 8. f3
Be7 9. Qd2 Nbd7 10. O-O-O O-O 11. g4 Qc7 12. g5 Nh5 13. Kb1 Rfc8 14. Qf2 b5 15.
Nd5 Bxd5 16. Rxd5 b4 17. Bh3 Rcb8 18. Bg4 Nf4 19. Bxf4 exf4 20. Bxd7 Qxd7 21. h4
Rb5 22. Rxb5 Qxb5 23. Rd1 Qc6 24. Nd4 Qc7 25. Qd2 Rc8 26. Qxf4 a5 27. Qd2 Qc5
28. f4 a4 29. h5 a3 30. Nf5 Bf8 31. h6 g6 32. Ne3 axb2 33. Nd5 Rb8 34. Nf6+
{Black resigns} 1-0

[Event "Team 45 45 League T39"]
[Site "Internet Chess Club"]
[Date "2008.11.01"]
[Round "2"]
[White "IceBox"]
[Black "hewdondada"]
[Result "1/2-1/2"]
[WhiteElo "1701"]
[BlackElo "1863"]
[Opening "Scandinavian (center counter) defense"]
[ECO "B01"]
[Time "18:00:42"]
[TimeControl "2700+45"]

1. e4 d5 2. exd5 Qxd5 3. Nc3 Qa5 4. g3 c6 5. Bg2 Nf6 6. Nge2 Bg4 7. h3 Bh5 8.
O-O e6 9. a3 Bd6 10. Rb1 Nbd7 11. b4 Qb6 12. d3 O-O 13. Bd2 Ne5 14. Be3 Qc7 15.
f4 Ned7 16. Qd2 Bxe2 17. Nxe2 Nb6 18. c4 c5 19. Nc3 a6 20. Qf2 Rac8 21. Qf3 cxb4
22. axb4 Rb8 23. Kh1 Be7 24. Qf2 Na8 25. Ba7 Rbc8 26. Be3 Rcd8 27. Rfd1 Rd7 28.
Na4 Rfd8 29. Nc5 Bxc5 30. Bxc5 Rxd3 31. Rxd3 Rxd3 32. Qe2 Rxg3 33. Rd1 h6 34. f5
Qc8 35. fxe6 fxe6 36. Be7 Kf7 37. Rd8 Qc7 38. Bxf6 gxf6 39. Rxa8 Qf4 40. Qe4
Rxh3+ 41. Kg1 Qc1+ 42. Kf2 Qd2+ 43. Kg1 Qc1+ 44. Kf2 {Game drawn by mutual
agreement} 1/2-1/2

[Event "Team 45 45 League T39"]
[Site "Internet Chess Club"]
[Date "2008.11.02"]
[Round "2"]
[White "mugurelt"]
[Black "Dbronstein06"]
[Result "1-0"]
[WhiteElo "1698"]
[BlackElo "1650"]
[Opening "Pirc: classical (two knights) system"]
[ECO "B08"]
[Time "18:05:22"]
[TimeControl "2700+45"]

1. e4 d6 2. d4 Nf6 3. Nc3 g6 4. Nf3 Bg7 5. Bc4 c6 6. h3 b5 7. Bb3 a5 8. a3 Ba6
9. Ng5 O-O 10. Qf3 e5 11. dxe5 dxe5 12. Qg3 Nh5 13. Qf3 Nf6 14. h4 c5 15. Bd5
Nxd5 16. Nxd5 Nc6 17. c3 b4 18. axb4 cxb4 19. h5 h6 20. hxg6 hxg5 21. Qh5 fxg6
22. Qxg6 Ne7 23. Qe6+ Rf7 24. Bxg5 Qc8 25. Nxe7+ {Black resigns} 1-0

[Event "Team 45 45 League T39"]
[Site "Internet Chess Club"]
[Date "2008.11.02"]
[Round "2"]
[White "Juan73"]
[Black "RD1974"]
[Result "0-1"]
[WhiteElo "1706"]
[BlackElo "1592"]
[Opening "Scandinavian: Pytel-Wade variation"]
[ECO "B01"]
[Time "18:01:44"]
[TimeControl "2700+45"]

1. e4 d5 2. exd5 Qxd5 3. Nc3 Qd6 4. Bc4 Nf6 5. d4 a6 6. Be3 e6 7. Nf3 b5 8. Bd3
Bb7 9. a3 Nbd7 10. O-O Be7 11. Nd2 c5 12. Nde4 Nxe4 13. Nxe4 Qc6 14. f3 c4 15.
Be2 Nf6 16. Nxf6+ Bxf6 17. c3 Rd8 18. Qd2 e5 19. Rfe1 O-O 20. Bg5 exd4 21. Bxf6
dxc3 22. Qxd8 Rxd8 23. Bxd8 cxb2 24. Rab1 c3 25. Bd3 g6 26. Ba5 Qc5+ 27. Kh1
Qxa3 28. Bb6 Qd6 29. h4 Qxb6 30. h5 Kg7 31. Re5 Qc7 32. Re2 Bd5 33. hxg6 hxg6
34. Kg1 Bc4 35. Bxc4 Qxc4 {White resigns} 0-1

[Event "Team 45 45 League T39"]
[Site "Internet Chess Club"]
[Date "2008.11.02"]
[Round "2"]
[White "ErCaos"]
[Black "nodoyuna"]
[Result "1-0"]
[WhiteElo "1821"]
[BlackElo "1842"]
[Opening "QGD Slav: 4.e3"]
[ECO "D11"]
[Time "16:03:56"]
[TimeControl "2700+45"]

1. d4 d5 2. c4 c6 3. e3 Nf6 4. Nf3 e6 5. Be2 Nbd7 6. O-O Be7 7. Nc3 O-O 8. c5 b6
9. b4 a5 10. bxa5 bxc5 11. dxc5 Bxc5 12. Na4 Qxa5 13. Nxc5 Qxc5 14. a4 Qd6 15.
Nd4 Ba6 16. Ba3 c5 17. Nb5 Qc6 18. Qc2 Rfc8 19. Rfc1 Ne4 20. Bd3 f5 21. f3 Nd6
22. Nd4 Bxd3 23. Nxc6 Bxc2 24. Ne7+ Kf7 25. Nxc8 Nxc8 26. Rxc2 Rxa4 27. Bb2 Rb4
28. Ra8 Ncb6 29. Ra7 Ke8 30. Bxg7 Nc4 31. Kf2 Rb3 32. Bc3 Nxe3 33. Kxe3 d4+ 34.
Kd2 dxc3+ 35. Rxc3 Rb2+ 36. Rc2 Rb5 37. Kc3 Nb6 38. Rxh7 Na4+ 39. Kd2 Rb4 40.
Ra2 Rd4+ 41. Ke1 Rb4 42. Re2 Rb1+ 43. Kf2 Rb2 44. Ra7 Rxe2+ 45. Kxe2 Nc3+ 46.
Kd3 Nd5 47. g3 Nb4+ 48. Kc4 Nc6 49. Ra8+ Kf7 50. f4 Nd4 51. Kxc5 Nf3 52. h4 Nd2
53. Ra3 Ne4+ 54. Kd4 Kg6 55. Re3 {Black resigns} 1-0